Cogmind - Beta 16.1 @@@ ROGUE MODE // 2026.04.15 @ 19:04:10 Player: JuustuToug Result: Destroyed by G-47 Trooper with Particle Gun Performance ------------- Evolutions (0) 0 Regions Visited (2) 400 Robots Destroyed (27) 135 Value Destroyed (677) 677 Prototype IDs (6) 120 Alien Tech Used (0) 0 Bonus (0) 0 TOTAL SCORE: 1332 Bonus ------- None Cogmind --------- Core Integrity 0/250 Matter 221/300 Energy 134/250 System Corruption 2% Temperature Warm (115) Movement Treading (160) Location -10/Mines Parts ------- > --- POWER (1) -------- Ion Engine > --- PROPULSION (2) --- Light Treads Light Treads > --- UTILITY (2) ------ Medium Storage Unit Seismic Detector > --- WEAPON (2) ------- Small Laser Light Assault Rifle > --- INVENTORY (10) --- Light Treads Light Treads Aluminum Leg Improved Heat Sink Machine Analyzer Small Laser Light Cannon Light Cannon Grenade Launcher Peak State ------------ > --- POWER ------------ Light Nuclear Core > --- PROPULSION ------- Light Treads Light Treads > --- UTILITY ---------- Improved Heat Sink Medium Storage Unit > --- WEAPON ----------- Small Laser Light Assault Rifle > --- INVENTORY -------- Ion Engine Light Treads Light Treads Aluminum Leg Machine Analyzer Seismic Detector Small Laser Light Cannon Light Cannon Grenade Launcher [Rating: 12] Favorites ----------- Power Light Nuclear Core Engine Ion Engine Power Core Light Nuclear Core Propulsion Light Treads Treads Light Treads Utility Seismic Detector Device Seismic Detector Storage Small Storage Unit Weapon Light Assault Rifle Energy Gun Small Laser Ballistic Gun Light Assault Rifle Launcher Grenade Launcher Build | -11 -10 -10 ------- Run | Yrd Mat Min Slots Evolved . | . . . Power . | . . . Propulsion . | . . . Utility . | . . . Weapon . | . . . Parts Attached 15 | 7 7 1 Power 2 | 1 1 . Engine 1 | 1 . . Core 1 | . 1 . Reactor . | . . . Propulsion 2 | 2 . . Treads 2 | 2 . . Leg . | . . . Wheel . | . . . Hover . | . . . Flight . | . . . Utility 6 | 2 4 . Device 3 | 1 2 . Storage 3 | 1 2 . Processor . | . . . Hackware . | . . . Protection . | . . . Artifact . | . . . Weapon 5 | 2 2 1 Energy Gun 2 | 1 1 . Energy Cannon . | . . . Ballistic Gun 2 | 1 1 . Ballistic Cannon . | . . . Launcher 1 | . . 1 Special Weapon . | . . . Impact Weapon . | . . . Slashing Weapon . | . . . Piercing Weapon . | . . . Special Melee Weapon . | . . . Unidentified Prototypes . | . . . Parts Lost 2 | . 1 1 Power 1 | . . 1 Propulsion . | . . . Utility . | . . . Weapon 1 | . 1 . Highest Loss Streak 1 | . 1 1 To Critical Strikes . | . . . Average Backups 6 | . 6 10 Power 1 | . 1 1 Propulsion 1 | . 1 3 Utility 1 | . 2 2 Weapon 1 | . 1 4 Tool/Special . | . . . Unused Backups 10 | 1 2 7 Power 1 | . 1 . Propulsion 3 | . . 3 Utility 2 | . 1 1 Weapon 4 | 1 . 3 Tool/Special . | . . . Average Slot Usage (%) 95 | . 94 99 Engine 1 | . 1 . Core 12 | . 12 12 Treads 27 | . 27 28 Device 13 | . 13 14 Storage 14 | . 14 14 Energy Gun 10 | . 9 14 Ballistic Gun 13 | . 13 12 Peak Build Rating 12 | 6 12 10 Average Rating 8 | 4 8 9 On Entrance 5 | . 6 10 Avg Prop Armor Cover (%) . | . . . Naked Turns . | . . . Heaviest Build 20 | 12 18 20 Greatest Support 40 | 40 40 40 Greatest Overweight (x) . | . . . Average Overweight (x) . | . . . Largest Inventory Capacity 10 | 8 10 10 Average Capacity 8 | 7 8 10 Most Carried 10 | 1 10 10 Average Carried 6 | . 6 9 Final Capacity 10 | 8 10 10 Final Carried 10 | 1 10 9 Class Distribution -------------------- 72% | Mutant 27% | Scavenger-Mutant Dominant Class ---------------- Mutant | -10/Materials Scavenger-Mutant | -10/Mines Resources | -11 -10 -10 ----------- Run | Yrd Mat Min Matter Collected 591 | 297 254 40 Remotely . | . . . Salvage Created 1053 | 167 837 49 Parts 59 | 13 45 1 Haulers Intercepted 2 | . 2 . Recyclers Shooed 5 | . 5 . Parts Field Recycled . | . . . Retrieved Matter . | . . . Parts Self-Destructed . | . . . Prevented . | . . . Parts Restored . | . . . Kills | -11 -10 -10 ------- Run | Yrd Mat Min Combat Hostiles Destroyed 16 | . 13 3 Guns 14 | . 13 1 AOE 2 | . . 2 Classes Destroyed 6 | 2 4 . Worker 2 | . 2 . Tunneler 3 | 3 . . Hauler 2 | . 2 . Recycler 3 | 1 2 . Mechanic 1 | . 1 . Grunt 16 | . 13 3 Best Kill Streak 5 | 3 5 2 Combat Bots Only 5 | . 5 2 Max Kills in Single Turn 1 | 1 1 1 Gunslinging . | . . . Exploded 1 | . . 1 Melee . | . . . Uniques/NPCs Destroyed . | . . . Combat | -11 -10 -10 -------- Run | Yrd Mat Min Hostile Shots Fired 102 | . 71 31 Missed 25 | . 14 11 Hits 77 | . 57 20 Projectile 77 | . 57 20 Critical Strikes 3 | . 3 . Damage Taken 1006 | . 704 302 Core 255 | . 165 90 Absorbed by Shields . | . . . Regen/Repaired (Parts) 272 | . 272 . Core Remaining (%) 100 | 100 . . Volleys Fired 171 | 27 124 20 Largest 2 | 1 2 2 Hottest 60 | 20 60 60 Shots Fired 225 | 27 164 34 Gun 219 | 27 164 28 Cannon . | . . . Launcher 6 | . . 6 Special . | . . . Kinetic 163 | 27 122 14 Thermal 56 | . 42 14 Explosive 6 | . . 6 Electromagnetic . | . . . Robot Hit Streak 17 | 10 17 6 Robot Miss Streak 6 | 3 6 4 Penetration Max . | . . . Secondary Targets . | . . . Shots Hit Robots 158 | 19 116 23 Core Hits 70 | 7 54 9 Critical Kills . | . . . Critical Parts Destroyed 4 | . 4 . Critical Strikes 4 | . 4 . Destroy 4 | . 4 . Melee Attacks . | . . . Impact . | . . . Slashing . | . . . Piercing . | . . . Sneak Attacks . | . . . Combat Hostiles . | . . . Follow-up Attacks . | . . . Damage Inflicted 1705 | 173 1015 517 Guns 1396 | 173 1010 213 Cannons . | . . . Explosions 304 | . . 304 Melee . | . . . Ramming 5 | . 5 . Kinetic 944 | 173 701 70 Thermal 452 | . 309 143 Explosive 304 | . . 304 Electromagnetic . | . . . Impact . | . . . Slashing . | . . . Piercing . | . . . Highest Corruption 2 | . 2 2 Average Corruption 2 | . 2 2 Corruption Purged . | . . . Corruption Blocked . | . . . Effects 16 | . 14 2 Message Errors 5 | . 4 1 Matter Fused 4 | . 4 . Heat Flow Errors 2 | . 2 . Energy Discharges 1 | . 1 . Data Loss (minor) 1 | . . 1 Data Loss (major) 1 | . 1 . Misfires 1 | . 1 . Weapon Failures 1 | . 1 . Overload Shots . | . . . Overflow Damage . | . . . Projectiles . | . . . Explosions . | . . . Melee . | . . . Knockbacks . | . . . Impact . | . . . Kinetic . | . . . Secondary . | . . . Self-Inflicted Damage 3 | . . 3 Shots 1 | . . 1 Rammed 2 | . 2 . Targets Rammed 2 | . 2 . Kicked . | . . . Crushed . | . . . Highest Temperature 258 | . 258 106 Average Temperature 59 | . 63 44 Received Heat Transfer 627 | . 459 168 Effects 1 | . 1 . Energy Bleed 1 | . 1 . Siege Activations . | . . . Martial Activations . | . . . Shielding Activations . | . . . Robots Disrupted . | . . . Combat Hostiles . | . . . Robots Corrupted . | . . . Combat Hostiles . | . . . Parts Fried . | . . . Impact Corruptions . | . . . Robots Melted . | . . . Combat Hostiles . | . . . Parts Melted . | . . . Heat Transferred 1025 | . 700 325 Parts Sabotaged . | . . . Parts Stolen . | . . . Parts Stripped . | . . . Power Chain Reactions . | . . . Alert | -11 -10 -10 ------- Run | Yrd Mat Min Maximum Alert Level . | . . . Low Security (%) 100 | 100 100 100 Level 1 . | . . . Level 2 . | . . . Level 3 . | . . . Level 4 . | . . . Level 5 . | . . . High Security . | . . . Max Security . | . . . Peak Influence 183 | 5 183 92 Initial 15 | . . 15 Average 59 | . 70 35 Influence Increases 645 | 20 516 109 Destroy 0b10 Robot/C 320 | . 260 60 Destroy 0b10 Robot/NC 55 | 20 35 . Destroy Leader 74 | . 64 10 Successful Hack 37 | . 37 . Select Force Hacks 60 | . 60 . Disable Machine 15 | . . 15 Destroy Structure 24 | . . 24 Lose Combat Pursuer 60 | . 60 . Influence Decreases 638 | 20 475 143 Entered New Map 26 | . . 26 Time Decay 592 | 20 465 107 Lost Part 20 | . 10 10 Squads Dispatched 2 | . 2 . Investigation 2 | . 2 . Extermination . | . . . Reinforcement . | . . . Assault . | . . . Garrison . | . . . Intercept . | . . . Searches Triggered . | . . . Construction Impeded . | . . . Haulers Reinforced . | . . . Active Scanning Responses . | . . . Cargo Convoy Interrupts . | . . . Stealth | -11 -10 -10 --------- Run | Yrd Mat Min Distress Signals 1 | . 1 . Communications Jammed . | . . . Distress Signals . | . . . Times Spotted 30 | . 26 4 Peak Tracking Total 3 | . 3 2 Tactical Retreats 3 | . 3 . Traps | -11 -10 -10 ------- Run | Yrd Mat Min Traps Triggered 1 | . 1 . Indirectly . | . . . Trap Hack Attempts . | . . . Triggered . | . . . Disarmed . | . . . Reprogrammed . | . . . Reused . | . . . Traps Extracted . | . . . Installed . | . . . Triggered . | . . . Machines | -11 -10 -10 ---------- Run | Yrd Mat Min Machines Disabled 1 | . . 1 Max in Single Turn 1 | . . 1 Machines Repaired . | . . . Machines Dismantled . | . . . Machines Sabotaged . | . . . Overloaded Fab Kills . | . . . Hacking | -11 -10 -10 --------- Run | Yrd Mat Min Machines Accessed 10 | . 10 . Terminals 7 | . 7 . Fabricators . | . . . Repair Stations 1 | . 1 . Recycling Units 2 | . 2 . Scanalyzers . | . . . Garrison Access . | . . . Total Hacks 38 | . 38 . Successful 23 | . 23 . Failed 15 | . 15 . Catastrophic 3 | . 3 . Database Lockouts . | . . . Manual 26 | . 26 . Terminals 28 | . 28 . Fabricators . | . . . Repair Stations 7 | . 7 . Recycling Units 3 | . 3 . Scanalyzers . | . . . Garrison Access . | . . . Terminal Hacks 6 | . 6 . Prototype ID Bank 4 | . 4 . Terminal Index 1 | . 1 . Registered Components 1 | . 1 . Fabricator Hacks . | . . . Repair Station Hacks 6 | . 6 . Scan Component 3 | . 3 . Repair 3 | . 3 . Recycling Unit Hacks 1 | . 1 . Retrieve Components 1 | . 1 . Scanalyzer . | . . . Garrison Access Hacks . | . . . Unauthorized Hacks 10 | . 10 . Terminals 8 | . 8 . Botnet 3 | . 3 . Skim 5 | . 5 . Fabricators . | . . . Repair Stations . | . . . Recycling Units 2 | . 2 . Tunnel 2 | . 2 . Scanalyzers . | . . . Garrison Access . | . . . Data Cores Recovered . | . . . Used . | . . . Hacking Detections 8 | . 8 . Full Trace Events . | . . . Feedback Events . | . . . Feedback Blocked . | . . . Robot Schematics Acquired . | . . . Robots Built . | . . . Authchips . | . . . Time . | . . . Total Robot Build Rating . | . . . Part Schematics Acquired . | . . . Parts Built . | . . . Authchips . | . . . Time . | . . . Total Part Build Rating . | . . . Part Studies Acquired . | . . . Parts Repaired 3 | . 3 . Time 78 | . 78 . Parts Recycled . | . . . Recycled Matter . | . . . Retrieved Matter . | . . . Retrieved Components 9 | . 9 . Parts Scanalyzed . | . . . Part Schematics Acquired . | . . . Parts Damaged . | . . . Bothacking | -11 -10 -10 ------------ Run | Yrd Mat Min Used RIF Installer . | . . . Robots Hacked . | . . . Non-combat . | . . . Combat . | . . . Robot Hacks Applied . | . . . Relay Couplers Released . | . . . Fabnet Peak Effective % . | . . . Robots Rewired . | . . . Allies Hacked . | . . . Hacks Repelled . | . . . Allies | -11 -10 -10 -------- Run | Yrd Mat Min Total Allies . | . . . Largest Group . | . . . Highest-Rated Group . | . . . Highest-Rated Ally . | . . . Total Orders . | . . . Ally Attacks . | . . . Total Damage . | . . . Kills . | . . . Allies Corrupted . | . . . Allies Melted . | . . . Intel | -11 -10 -10 ------- Run | Yrd Mat Min Active Infowar (turns) 1506 | 37 1214 255 Seismic 1506 | 37 1214 255 Robot Analysis Total . | . . . Derelict Logs Recovered . | . . . Drone Launches . | . . . Drone Recoveries . | . . . Exploration | -11 -10 -10 ------------- Run | Yrd Mat Min Turns Passed 1702 | 150 1297 255 Spaces Moved 698 | 58 517 123 Core 4 | 4 . . Treads 694 | 54 517 123 Legs . | . . . Wheels . | . . . Hover . | . . . Flight . | . . . Fastest Speed 50 | 50 160 160 Average Speed 159 | 152 160 160 Slowest Speed 160 | 160 160 160 Overloaded Moves . | . . . Propulsion Burnouts . | . . . Robots Hopped . | . . . Potential Cave-ins . | . . . Cave-ins Triggered . | . . . Exploration Rate (%) 38 | 4 79 32 Regions Visited 2 Branch Regions 1 Pre-discovered Areas 3 | . 3 . Known Exits Taken 1 | . 1 . Unknown Exits Taken 1 | 1 . . Scrap Searched . | . . . Spaces Dug 6 | . . 6 Terrain Destroyed 35 | . . 35 Melee . | . . . Projectile . | . . . AOE 35 | . . 35 Terrain Rammed . | . . . Walls Destroyed . | . . . Machines Disabled . | . . . Actions | -11 -10 -10 --------- Run | Yrd Mat Min Total 1089 | 96 845 148 Wait 174 | . 174 . Move 696 | 57 516 123 Hop . | . . . Pick Up 13 | 2 11 . Fast Attach 13 | 7 6 . Attach 2 | . 1 1 Detach 1 | 1 . . Swap 9 | . 5 4 Drop 8 | 2 6 . Fire 171 | 27 124 20 Melee . | . . . Ram . | . . . Kick . | . . . Crush 2 | . 2 . Escape Stasis . | . . . Rewire . | . . . Trap . | . . . Miscellaneous . | . . . Route ------- -11/Scrapyard -10/Materials (discovered 5 exits: *Mat x3 / *Min / Sub) -10/Mines (discovered 3 exits: *Mat x2 / *Sub) History --------- Turn | Location | Event 3 | -11/Scrapyard | Discovered new exit (range 15) 151 | -11/Scrapyard | Entered Materials 304 | -10/Materials | Build established: Mutant 330 | -10/Materials | Discovered new exit (range 13) 581 | -10/Materials | Core integrity fell below 50% 805 | -10/Materials | Discovered new exit (range 16) 847 | -10/Materials | Repaired Lgt. Treads 875 | -10/Materials | Repaired Lgt. Treads 902 | -10/Materials | Repaired Seismic Detector 1022 | -10/Materials | Identified exit to Subcaves 1070 | -10/Materials | Discovered new exit (range 16) 1138 | -10/Materials | Identified exit to Materials 1138 | -10/Materials | Learned location of 1 exit from Materials 1218 | -10/Materials | Learned 4 Subcaves zone layouts 1245 | -10/Materials | Learned 4 Recycling zone layouts 1263 | -10/Materials | Learned 4 Recycling zone layouts 1292 | -10/Materials | Identified exit to Mines 1333 | -10/Materials | Learned location of 1 exit from Recycling 1448 | -10/Materials | Entered Mines 1459 | -10/Mines | Core integrity fell below 20% 1496 | -10/Mines | Build established: Scavenger-Mutant 1624 | -10/Mines | Discovered exit to Subcaves (range 6) 1703 | -10/Mines | Destroyed by G-47 Trooper with Particle Gun Last Messages --------------- 01457_ The unstable cave ceiling collapses. 01466_ G-47 Trooper destroyed. 01468_ The unstable cave ceiling collapses. 01472_ Acquired 19 matter. 01477_ Acquired 21 matter. 01482_ U-05 Engineer lays Concrete. 01497_ U-05 Engineer builds a Wall. 01544_ System corrupted: Component data lost. 01604_ 96TGUA7YU<0LG>K B>C1LRZRX 01624_ EXIT=FOUND: SUBCAVES 01627_ U-05 Engineer builds a Wall. 01642_ K-01 Serf collects debris. 01671_ G-34 Mercenary destroyed. 01672_ U-05 Engineer lays Concrete. 01677_ U-05 Engineer builds a Wall. 01679_ U-05 Engineer lays Concrete. 01682_ U-05 Engineer builds a Wall. 01686_ U-05 Engineer lays Concrete. 01689_ Lgt. Nuclear Core destroyed. 01689_ U-05 Engineer lays Concrete. Map ----- +----------------------------------------------------+ | ????????????????????????????????????????????????? | | ??????????????????????????#############?????????? | | ?????????????????????????## #?????????? | | ????????????????????????## #?####????? | | ???????????????????###### ####### ### ##???? | | ??????????????????## #?????# ## < #???? | | ??????????????????# ####### #???? | | ???????????####???# #???? | | ??????????## ##### ## ##???? | | ??????????# ## ######## #### #????? | | ?????????## ##??????####??# #????? | | ?????????# #?????????????# #????? | | ????????## ##?????????????# #????? | | ????????# ##??????????????# #????? | | ????????# ## ##???########???# #????? | | ?????# #### ##### ##### #????? | | ?????#### ###??## #????? | | ????????# ##?????## #### #????? | | ????????## #???????## #??# #????? | | ?????????# #??????## ##??# #????? | | ?????????## #?????## ## #???# #????? | | ?????????## ??### #### #???# #????? | | ????????## ## #??# #???# #????? | | ???????## % ## ##?## ##??# #????? | | ???????# g ###??# #??# #????? | | ???????# u @###????# #??# #????? | | ???????# ##??????# #??# #????? | | ???????# # #???????> #### ###??? | | ???????# ??### #?????## ## ##?? | | ???????## ?????## ????###### ##? | | ????????#### ???????# #???????# #? | | ???????????## ????????## ??????# #? | | ????????????##???????????# ????# ##? | | ??????????????????????????# #???# #? | | ???????????????????????????# #???##### # #? | | ????????????????????????????# ##?????## #? | | ?????????????????????????????#####????????## ##? | | ????????????????????????????????????????????###?? | | | | | | | | | | | | | | | | | | | | | | | | | +----------------------------------------------------+ Best States ------------- Heat Dissipation 35 Energy Generation 14 Energy Capacity 250 Matter Stores 300 Matter Capacity 300 Sight Range 16 Terrain Scan Density 10 Evasion (%) 40 Recoil Reduction 2 Item Schematics ----------------- None Robot Schematics ------------------ None Fabricated ------------ Nothing Repaired ---------- Lgt. Treads | 1% | -10/Materials Lgt. Treads | 16% | -10/Materials Seismic Detector | 20% | -10/Materials Studied --------- None Alien Tech Used ----------------- None Achievements -------------- None Challenges ------------ None Game ------ Seed LayeredLegShell Manual? 0 Play Time 00:08:45 Cumulative 419.7 hours Start 2026.04.15 @ 18:55:57 End 2026.04.15 @ 19:04:10 Sessions 1 Manual Loads 0 Difficulty Rogue Special Mode None Game No. 254 Rogue 254 Adventurer 0 Explorer 0 Win Type - Total 17 Types 9/1/3/2/1/0/0/1/0/0 Lore% 93 Gallery% 81 Achievement% 72 Wizard Run 0 Options --------- Layout 1 ASCII 0 Keyboard 0 Movement Mouse Keybinds 0 Fullscreen 2 Font 32/SmallcapsGlow Map View 50x35 Zoom Use 0% Tactical HUD 1 Map Filters NONE Filters NONE Steam 1 RUN: be251e32-4702-4144-85f6-8b95ec409bb9